BSA
IRVINE GANG GREEN @ HENDERSONVILLE HITMEN
10/18/2025
 
TOP OF THE 1ST
Irvine Gang Green batting - Pitching for Hendersonville Hitmen : RHP Samuel Émond
Pitching: RHP Samuel Émond
Batting: RHB Buck Jones 0-0: Ball
1-0: Ball
2-0: Called Strike
2-1: Foul Ball, location: 2F
2-2: Foul Ball, location: 2F
2-2: Ball
3-2: Foul Ball, location: 2F
3-2: SINGLE (Groundball, 6MD)
Batting: LHB Leonardo Medina 0-0: Ball
1-0: Grounds into double play, 3-6-1 (Groundball, 3)
Batting: RHB Manny Copriviza 0-0: Called Strike
0-1: Foul Ball, location: 2F
0-2: Ball
1-2: Ball
2-2: Strikes out swinging
Top of the 1st over - 0 run(s), 1 hit(s), 0 error(s), 0 left on base; Irvine 0 - Hendersonville 0
BOTTOM OF THE 1ST
Hendersonville Hitmen batting - Pitching for Irvine Gang Green : LHP Frank Jackson
Pitching: LHP Frank Jackson
Batting: RHB Junior Vargas 0-0: Called Strike
0-1: Ball
1-1: Ground out 4-3 (Groundball, 4M)
Batting: LHB Jerry Johnston 0-0: Called Strike
0-1: Foul Ball, location: 2F
0-2: Strikes out looking
Batting: RHB Manolo Román 0-0: Ball
1-0: Foul Ball, location: 2F
1-1: Ball
2-1: Swinging Strike
2-2: SINGLE (Line Drive, 4D)
Batting: LHB Tony Abete 0-0: Ball
1-0: SINGLE (Groundball, 6MD)
Manolo Román to second
Runner from 2nd tries for 3rd, SAFE, no throw or cutoff
Batting: RHB Robert Buckley 0-0: Called Strike
0-1: Ball
1-1: Foul Ball, location: 2F
Pickoff Throw to First - Out!
Bottom of the 1st over - 0 run(s), 2 hit(s), 0 error(s), 0 left on base; Irvine 0 - Hendersonville 0
TOP OF THE 2ND
Irvine Gang Green batting - Pitching for Hendersonville Hitmen : RHP Samuel Émond
Batting: LHB Víctor Quiñones 0-0: Called Strike
0-1: Ground out 3-1 (Groundball, 34)
Batting: SHB Ramón Lugo 0-0: Ball
1-0: Foul Ball, location: 2F
1-1: Ball
2-1: Called Strike
2-2: Ball
3-2: Foul Ball, location: 2F
3-2: Strikes out swinging
Batting: LHB Jesús Campos 0-0: Called Strike
0-1: Ground out 5-3 (Groundball, 5S)
Top of the 2nd over - 0 run(s), 0 hit(s), 0 error(s), 0 left on base; Irvine 0 - Hendersonville 0
BOTTOM OF THE 2ND
Hendersonville Hitmen batting - Pitching for Irvine Gang Green : LHP Frank Jackson
Batting: RHB Robert Buckley 0-0: Ball
1-0: Ball
2-0: Ground out 6-3 (Groundball, 6M)
Batting: RHB Felipe Rivera 0-0: Foul Ball, location: 2F
0-1: Ground out 5-3 (Groundball, 56)
Batting: SHB Tony López 0-0: Fly out, F9 (Flyball, 9M)
Bottom of the 2nd over - 0 run(s), 0 hit(s), 0 error(s), 0 left on base; Irvine 0 - Hendersonville 0
TOP OF THE 3RD
Irvine Gang Green batting - Pitching for Hendersonville Hitmen : RHP Samuel Émond
Batting: RHB José Salazar 0-0: Called Strike
0-1: Foul Ball, location: 2F
0-2: DOUBLE (Line Drive, 7LM)
Batting: LHB Bill Murphy 0-0: Called Strike
0-1: Ball
1-1: Fly out, F7 (Line Drive, 78D)
Batting: RHB Tom Doherty 0-0: Ground out 5-3 (Groundball, 56)
Batting: RHB Buck Jones 0-0: Ball
1-0: Fly out, F8 (Line Drive, 8LS)
Top of the 3rd over - 0 run(s), 1 hit(s), 0 error(s), 1 left on base; Irvine 0 - Hendersonville 0
BOTTOM OF THE 3RD
Hendersonville Hitmen batting - Pitching for Irvine Gang Green : LHP Frank Jackson
Batting: RHB Taylor McFarland 0-0: Foul Ball, location: 2F
0-1: Ball
1-1: Foul Ball, location: 2F
1-2: Foul Ball, location: 2F
1-2: DOUBLE (Groundball, 3L)
Batting: LHB Enrique Nalasco 0-0: Foul Ball, location: 2F
0-1: Fly out, F7 (Flyball, 78D)
Batting: RHB Junior Vargas 0-0: Ball
1-0: Swinging Strike
1-1: Foul Ball, location: 2F
1-2: Foul Ball, location: 2F
1-2: Strikes out swinging
Batting: LHB Jerry Johnston 0-0: Ball
1-0: Called Strike
1-1: Foul Ball, location: 2F
1-2: Foul Ball, location: 2F
1-2: SINGLE (Flyball, 4MD)
Taylor McFarland to third
Runner from 3rd tries for Home, SAFE, throw made home
Jerry Johnston to second
Batting: RHB Manolo Román 0-0: Foul Ball, location: 2F
0-1: Ball
1-1: Swinging Strike
1-2: Ground out 6-3 (Groundball, 6)
Bottom of the 3rd over - 1 run(s), 2 hit(s), 0 error(s), 1 left on base; Irvine 0 - Hendersonville 1
TOP OF THE 4TH
Irvine Gang Green batting - Pitching for Hendersonville Hitmen : RHP Samuel Émond
Batting: LHB Leonardo Medina 0-0: Called Strike
0-1: Fly out, F3 (Line Drive, 34)
Batting: RHB Manny Copriviza 0-0: Ball
1-0: Ball
2-0: Called Strike
2-1: Ball
3-1: Swinging Strike
3-2: Ground out 6-3 (Groundball, 6)
Batting: LHB Víctor Quiñones 0-0: Called Strike
0-1: Ball
1-1: Swinging Strike
1-2: Foul Ball, location: 2F
1-2: Foul Ball, location: 2F
1-2: Foul Ball, location: 2F
1-2: Ball
2-2: Ground out 4-3 (Groundball, 4M)
Top of the 4th over - 0 run(s), 0 hit(s), 0 error(s), 0 left on base; Irvine 0 - Hendersonville 1
BOTTOM OF THE 4TH
Hendersonville Hitmen batting - Pitching for Irvine Gang Green : LHP Frank Jackson
Batting: LHB Tony Abete 0-0: Fly out, F8 (Flyball, 8LD)
Batting: RHB Robert Buckley 0-0: Ball
1-0: Called Strike
1-1: Ball
2-1: Foul Ball, location: 2F
2-2: Ball
3-2: Foul Ball, location: 2F
3-2: Foul Ball, location: 2F
3-2: Ground out 1-3 (Groundball, 2R)
Batting: RHB Felipe Rivera 0-0: Foul Ball, location: 2F
0-1: Ball
1-1: Foul Ball, location: 2F
1-2: Foul Ball, location: 2F
1-2: Ball
2-2: Ball
3-2: Fly out, F9 (Flyball, 9D)
Bottom of the 4th over - 0 run(s), 0 hit(s), 0 error(s), 0 left on base; Irvine 0 - Hendersonville 1
TOP OF THE 5TH
Irvine Gang Green batting - Pitching for Hendersonville Hitmen : RHP Samuel Émond
Batting: SHB Ramón Lugo 0-0: Foul Ball, location: 2F
0-1: Ball
1-1: Called Strike
1-2: Ball
2-2: Foul Ball, location: 2F
2-2: DOUBLE (Line Drive, 9LS)
Batting: LHB Jesús Campos 0-0: Ball
1-0: Ground out 1-3 (Groundball, 15S)
Batting: RHB José Salazar 0-0: Foul Ball, location: 2F
0-1: Ball
1-1: Foul Ball, location: 2F
1-2: Foul Ball, location: 2F
1-2: Ball
Passed Ball!
Ramón Lugo to third
2-2: Foul Ball, location: 2F
2-2: Ball
3-2: Fly out, F8 (Flyball, 8LS)
Batting: LHB Bill Murphy 0-0: Called Strike
0-1: Fly out, F8 (Line Drive, 8RS)
Top of the 5th over - 0 run(s), 1 hit(s), 0 error(s), 1 left on base; Irvine 0 - Hendersonville 1
BOTTOM OF THE 5TH
Hendersonville Hitmen batting - Pitching for Irvine Gang Green : LHP Frank Jackson
Batting: SHB Tony López 0-0: SINGLE (Line Drive, 89S)
Batting: RHB Taylor McFarland 0-0: Ball
1-0: Foul Ball, location: 2F
1-1: SINGLE (Line Drive, 9LS)
Tony López to second
Runner from 2nd tries for 3rd, SAFE, throw made to third
Batting: LHB Enrique Nalasco 0-0: SINGLE (Popup, 78S)
Tony López scores
Taylor McFarland to second
Batting: RHB Junior Vargas 0-0: Ball
1-0: Called Strike
1-1: Fielders Choice at 2nd, 5-4 (Groundball, 56)
Taylor McFarland to third
Batting: LHB Jerry Johnston 0-0: Ball
1-0: Called Strike
1-1: Ground out 6-3 (Groundball, 6S)
Taylor McFarland scores
Junior Vargas to second
Batting: RHB Manolo Román 0-0: Foul Ball, location: 2F
0-1: Ball
1-1: Ball
2-1: Ball
3-1: Foul Ball, location: 2F
3-2: SINGLE (Line Drive, 34)
Junior Vargas to third
Junior Vargas scores
Batting: LHB Tony Abete 0-0: Ball
1-0: Foul Ball, location: 2F
1-1: Swinging Strike
1-2: Foul Ball, location: 2F
1-2: Ball
2-2: Strikes out swinging
Bottom of the 5th over - 3 run(s), 4 hit(s), 0 error(s), 1 left on base; Irvine 0 - Hendersonville 4
TOP OF THE 6TH
Irvine Gang Green batting - Pitching for Hendersonville Hitmen : RHP Samuel Émond
Batting: RHB Tom Doherty 0-0: Called Strike
0-1: Foul Ball, location: 2F
0-2: Foul Ball, location: 2F
0-2: Foul Ball, location: 2F
0-2: Ball
1-2: Ball
2-2: Foul Ball, location: 2F
2-2: Ground out 5-3 (Groundball, 5S)
Batting: RHB Buck Jones 0-0: Swinging Strike
0-1: Foul Ball, location: 2F
0-2: Ground out 5-3 (Groundball, 56)
Batting: LHB Leonardo Medina 0-0: Ball
1-0: Called Strike
1-1: Ground out 4-3 (Groundball, 34)
Top of the 6th over - 0 run(s), 0 hit(s), 0 error(s), 0 left on base; Irvine 0 - Hendersonville 4
BOTTOM OF THE 6TH
Hendersonville Hitmen batting - Pitching for Irvine Gang Green : LHP Frank Jackson
Batting: RHB Robert Buckley 0-0: Fly out, F7 (Flyball, 7D)
Batting: RHB Felipe Rivera 0-0: Called Strike
0-1: Called Strike
0-2: Ball
1-2: Ground out 4-3 (Groundball, 34)
Batting: SHB Tony López 0-0: Ball
1-0: Ball
2-0: SINGLE (Flyball, 8RS)
Batting: RHB Taylor McFarland 0-0: Foul Ball, location: 2F
0-1: Foul Ball, location: 2F
0-2: SINGLE (Line Drive, 4MD)
Tony López to second
Batting: LHB Enrique Nalasco 0-0: Called Strike
0-1: Ball
1-1: Foul Ball, location: 2F
1-2: Ball
2-2: Ground out 4-3 (Groundball, 4)
Bottom of the 6th over - 0 run(s), 2 hit(s), 0 error(s), 2 left on base; Irvine 0 - Hendersonville 4
TOP OF THE 7TH
Irvine Gang Green batting - Pitching for Hendersonville Hitmen : RHP Samuel Émond
Batting: RHB Manny Copriviza 0-0: Called Strike
0-1: Ball
1-1: Foul Ball, location: 2F
1-2: Ball
2-2: DOUBLE (Flyball, 78XD) - OUT at third base trying to stretch hit.
Batting: LHB Víctor Quiñones 0-0: Swinging Strike
0-1: Ball
1-1: Ball
2-1: Ball
3-1: Foul Ball, location: 2F
3-2: Strikes out swinging
Batting: SHB Ramón Lugo 0-0: Called Strike
0-1: Fly out, F8 (Flyball, 78M)
Top of the 7th over - 0 run(s), 1 hit(s), 0 error(s), 0 left on base; Irvine 0 - Hendersonville 4
BOTTOM OF THE 7TH
Hendersonville Hitmen batting - Pitching for Irvine Gang Green : LHP Frank Jackson
Batting: RHB Junior Vargas 0-0: Foul Ball, location: 2F
0-1: Ball
1-1: Foul Ball, location: 2F
1-2: Ball
2-2: Foul Ball, location: 2F
2-2: Ball
3-2: Ground out 5-3 (Groundball, 5)
Pitching: LHP Yu-shu Kong
Batting: LHB Jerry Johnston 0-0: Ball
1-0: Foul Ball, location: 2F
1-1: Ball
2-1: Ground out 4-3 (Groundball, 4)
Batting: RHB Manolo Román 0-0: Called Strike
0-1: Called Strike
0-2: Foul Ball, location: 2F
0-2: Strikes out swinging
Bottom of the 7th over - 0 run(s), 0 hit(s), 0 error(s), 0 left on base; Irvine 0 - Hendersonville 4
TOP OF THE 8TH
Irvine Gang Green batting - Pitching for Hendersonville Hitmen : RHP Samuel Émond
Pitching: RHP Edward Cadle
Batting: LHB Jesús Campos 0-0: Called Strike
0-1: Ball
1-1: Ball
2-1: Foul Ball, location: 2F
2-2: Ball
3-2: DOUBLE (Line Drive, 9LS)
Batting: RHB José Salazar 0-0: Foul Ball, location: 2F
0-1: SINGLE (Flyball, 8RS)
Jesús Campos to third
Runner from 3rd tries for Home, SAFE, no throw or cutoff
Batting: LHB Bill Murphy 0-0: Called Strike
0-1: Ball
1-1: Swinging Strike
1-2: Strikes out swinging
Batting: RHB Tom Doherty 0-0: Ground out 5-3 (Groundball, 5L)
José Salazar to second
Batting: RHB Buck Jones 0-0: Called Strike
0-1: Foul Ball, location: 2F
0-2: Ball
1-2: Strikes out swinging
Top of the 8th over - 1 run(s), 2 hit(s), 0 error(s), 1 left on base; Irvine 1 - Hendersonville 4
BOTTOM OF THE 8TH
Hendersonville Hitmen batting - Pitching for Irvine Gang Green : LHP Yu-shu Kong
Batting: LHB Tony Abete 0-0: Fly out, F8 (Flyball, 78D)
Batting: RHB Robert Buckley 0-0: Called Strike
0-1: Ball
1-1: Foul Ball, location: 2F
1-2: Strikes out swinging
Batting: RHB Felipe Rivera 0-0: Ball
1-0: Fly out, F8 (Flyball, 8LS)
Bottom of the 8th over - 0 run(s), 0 hit(s), 0 error(s), 0 left on base; Irvine 1 - Hendersonville 4
TOP OF THE 9TH
Irvine Gang Green batting - Pitching for Hendersonville Hitmen : RHP Edward Cadle
Pitching: RHP Robinson Gonzáles
Batting: LHB Leonardo Medina 0-0: Called Strike
0-1: Ball
1-1: Foul Ball, location: 2F
1-2: Hit by Pitch
Batting: RHB Manny Copriviza 0-0: Ball
1-0: Called Strike
1-1: Ball
2-1: Ball
3-1: Called Strike
3-2: Strikes out swinging
Batting: LHB Víctor Quiñones 0-0: Called Strike
0-1: Called Strike
0-2: Foul Ball, location: 2F
0-2: Ball
1-2: Foul Ball, location: 2F
1-2: Ball
2-2: Foul Ball, location: 2F
2-2: Ball
3-2: Foul Ball, location: 2F
3-2: Grounds into double play, 6-4-3 (Groundball, 6M)
Top of the 9th over - 0 run(s), 0 hit(s), 0 error(s), 0 left on base; Irvine 1 - Hendersonville 4
This league is powered by Out of the Park Baseball, the baseball management simulation game for PC, Mac and Linux
Tuesday, August 2nd, 2016 - OOTP Baseball 16.8 Build 38